 Dungeon Crawl Stone Soup version 0.30-a0-860-g512cf1e979 (webtiles) character file.

Game seed: 11992132023308093832

28 M4edhros the Insei (level 3, 0/26 HPs)
             Began as an Octopode Monk on Mar 7, 2023.
             Slain by a kobold
             ... wielding a +0 short sword
              (2 damage)
             ... on level 1 of the Dungeon.
             The game lasted 00:01:04 (286 turns).

M4edhros the Insei (Octopode Monk)                   Turns: 286, Time: 00:01:04

Health: 0/26       AC:  1    Str: 10    XL:     3   Next: 12%
Magic:  3/3        EV: 14    Int: 12    God:
Gold:   40         SH:  0    Dex: 16    Spells: 2/2 levels left

rFire   . . .      SeeInvis .      - Unarmed
rCold   . . .      Faith    .    (no shield)
rNeg    . . .      Spirit   .    (helmet restricted)
rPois   .          Reflect  .    (no amulet)
rElec   .          Rampage  .    (no ring)
rCorr   .                        (no ring)
Will    .....                    (no ring)
Stlth   +++                      (no ring)
HPRegen 0.24/turn                (no ring)
MPRegen 0.08/turn                (no ring)
                                 (no ring)
                                 (no ring)

@: no status effects
A: almost no armour, amphibious, 8 rings, camouflage 1, gelatinous body 1,
(nimble swimmer 1), tentacles
a: no special abilities


You were on level 1 of the Dungeon.
You visited 1 branch of the dungeon, and saw 1 of its levels.

You collected 40 gold pieces.

Inventory:

Hand Weapons
 e - a +0 great sword
Scrolls
 b - 2 scrolls of brand weapon {unknown}
 f - a scroll of immolation {unknown}
 g - a scroll of fog {unknown}
Potions
 a - a potion of ambrosia
 c - 2 potions of heal wounds {unknown}
 d - a potion of lignification {unknown}


   Skills:
 - Level 3.0 Fighting
 - Level 3.0 Dodging
 - Level 2.6 Stealth
 + Level 4.2 Unarmed Combat


You had 2 spell levels left.
You didn't know any spells.
Your spell library was empty.

Dungeon Overview and Level Annotations

Branches:
Dungeon (1/15)

Altars:


Innate Abilities, Weirdness & Mutations

You cannot wear most types of armour.
You are amphibious.
You can wear up to eight rings at the same time.
Your skin changes colour to match your surroundings (Stealth+).
Your rubbery body absorbs attacks. (AC +1, EV +1)
((You are camouflaged when in or above water. (Stealth+)))
You have tentacles for arms and can constrict up to eight enemies at once.


Message History

* * * LOW HITPOINT WARNING * * *
You completely miss the endoplasm. The endoplasm closely misses you.
You bludgeon the endoplasm!
You kill the endoplasm!
Found 9 gold pieces.
Found a stone staircase leading down.
f - a scroll labelled ADONUH FUODDEK You now have 36 gold pieces (gained 5).
A hobgoblin comes into view.
The hobgoblin shouts!
You see here a scroll labelled UPHIN SOMIMI.
g - a scroll labelled UPHIN SOMIMI The ball python hisses angrily.
A kobold comes into view. It is wielding a +0 short sword.
You see here 4 gold pieces.
You now have 40 gold pieces (gained 4).
The kobold shouts!
You tentacle-slap the ball python but do no damage.
Your grab misses the ball python. The ball python bites you.
The ball python barely misses you. The hobgoblin hits you.
* * * LOW HITPOINT WARNING * * *
You tentacle-slap the hobgoblin. Your grab misses the hobgoblin.
You tentacle-slap the hobgoblin.
The hobgoblin is severely wounded.
The ball python misses you. The ball python closely misses you.
The hobgoblin closely misses you.
You closely miss the ball python. You grab the ball python.
You constrict the ball python. The ball python closely misses you. x2
You barely miss the hobgoblin. Your grab misses the hobgoblin.
Your tentacle-slap misses the hobgoblin.
Your squeeze misses the hobgoblin.
The hobgoblin is severely wounded.
You constrict the ball python. The ball python closely misses you.
The ball python grabs you. The ball python constricts you.
The hobgoblin hits you.
* * * LOW HITPOINT WARNING * * *
You tentacle-slap the ball python but do no damage.
You squeeze the ball python.
You kill the ball python!
The kobold hits you with a +0 short sword.
You die...

#.# #..# ## ##..#..
#.#### #..#
#.....#. #....#
#..# #.#...#.
#.††.# #..#
......#.. ##...#
#..# ##.#.####
##.##
#..#########.#.....
#.#
#..##.......>###...
#.# #g....########
#.#. #.# #.@#..#
#.## #.#
#K##..##########...
#.#
#.##...........# #
#.#
#.##†..#######.# #
#.# #.##...## #)# #
####.#
#.##........##.####
#....# .. .. ##..##
#...).... #.#####.#
## #..# ####.####
#.# #.# ####..# #.#
#


You could see a hobgoblin and a kobold.

Vanquished Creatures
  A gnoll (D:1)
  A dart slug (D:1)
  A ball python (D:1)
  2 endoplasms (D:1)
  A goblin (D:1)
  3 hobgoblins (D:1)
  3 kobolds (D:1)
  A quokka (D:1)
  A frilled lizard (D:1)
  2 rats (D:1)
16 creatures vanquished.

Notes
Turn   | Place    | Note
-------+----------+-------------------------------------------
     0 | D:1      | M4edhros the Octopode Monk began the quest for the Orb.
     0 | D:1      | Reached XP level 1. HP: 16/16 MP: 1/1
   109 | D:1      | Reached XP level 2. HP: 19/21 MP: 2/2
   238 | D:1      | Reached skill level 4 in Unarmed Combat
   238 | D:1      | Reached XP level 3. HP: 6/26 MP: 3/3
   286 | D:1      | Slain by a kobold

Illustrated notes

Levels and vault maps discovered:
D:1:      scummos_arrival_star, layout_loops_ring

Skill      XL: |  1  2 |
---------------+-------+-----
Unarmed Combat | 4 |  4.2
Fighting       | |  3.0
Dodging        | |  3.0
Stealth        | |  2.6

Action                     || total
---------------------------++-------
  Melee: Unarmed           ||    38
         Constrict         ||     9
         Tentacles         ||     4
         Punch             ||     3
   Stab: Sleeping          ||     4
 Armour: Skin              ||     1
  Dodge: Dodged            ||    24

Table legend: (Time is in decaauts)
 A = Elapsed time spent in this place.
 B = Non-inter-level travel time spent in this place.
 C = Inter-level travel time spent in this place.
 D = Time resting spent in this place.
 E = Time spent auto-exploring this place.
 F = Levels seen in this place.
 G = Mean time per level.
                   A        B        C        D        E       F      G
               +--------+--------+--------+--------+--------+-----+--------+
         Total |    283 |    283 |      0 |      0 |      0 |   1 |  283.0 |
       Dungeon |    283 |    283 |      0 |      0 |      0 |   1 |  283.0 |
               +--------+--------+--------+--------+--------+-----+--------+

Top non-repeatable levels by time:
     D:1: 283 daAuts
